 Dungeon Crawl Stone Soup version 0.29.0-4-gdea44cf6ec (webtiles) character file.

Game seed: 14462075209507241325

143 qw the Chopper (level 5, -2/30 HPs)
             Began as a Tengu Warper on Aug 28, 2022.
             Was an Initiate of Okawaru.
             Killed from afar by Blork the orc (8 damage)
             ... with a puff of flame
             ... on level 4 of the Dungeon.
             The game lasted 00:00:15 (3393 turns).

qw the Chopper (Tengu Warper)                       Turns: 3393, Time: 00:00:16

Health: -2/30      AC:  5    Str: 13    XL:     5   Next: 25%
Magic:  9/9        EV: 14    Int: 14    God:    Okawaru [......]
Gold:   160        SH:  0    Dex: 13    Spells: 8/8 levels left

rFire   . . .      SeeInvis .   Y - +0 hand axe
rCold   . . .      Faith    .   (no shield)
rNeg    . . .      Spirit   .   b - +0 leather armour
rPois   .          Reflect  .   e - +2 hat
rElec   .          Harm     .   (no cloak)
rCorr   .          Rampage  .   (no gloves)
Will    .....                   (boots unavailable)
Stlth   +.........              (no amulet)
HPRegen 0.10/turn               (no ring)
MPRegen 0.11/turn               (no ring)

@: flying quickly and evasively, quick
A: beak, talons 3, nimble flight
a: Renounce Religion


You were on level 4 of the Dungeon.
You worshipped Okawaru.
Okawaru was noncommittal.
You visited 1 branch of the dungeon, and saw 4 of its levels.

You collected 160 gold pieces.


Innate Abilities, Weirdness & Mutations

You have a beak for a mouth.
You have claws for feet.
Your magical nature lets you fly swiftly and evasively.


   Skills:
 - Level 2.0 Fighting
 + Level 5.8 Axes
 - Level 1.0 Throwing
 - Level 1.1 Armour
 - Level 2.1 Dodging
 - Level 2.0 Spellcasting
 - Level 2.4 Translocations


You had 8 spell levels left.
You didn't know any spells.
Your spell library contained the following spells:

 Spells                   Type           Power      Damage    Failure   Level
 Blink                    Tloc           16%        N/A       17%         2
 Gell's Gravitas          Tloc           8%         N/A       34%         3
 Lesser Beckoning         Tloc           8%         N/A       34%         3
 Teleport Other           Tloc           8%         N/A       34%         3
 Manifold Assault         Tloc           8%         N/A       97%         5

Inventory:

Hand Weapons
 a - a +0 mace
 Y - a +0 hand axe (weapon)
Armour
 b - a +0 leather armour (worn)
 e - a +2 hat (worn)
 j - a +0 scale mail
Scrolls
 d - 2 scrolls of enchant weapon {unknown}
 i - a scroll of identify {unknown}
Potions
 c - a potion of might {unknown}
 f - 2 potions of haste {unknown}
 g - a potion of curing {unknown}
 h - a potion of ambrosia {unknown}
 k - a potion of attraction {unknown}

Dungeon Overview and Level Annotations

Branches:
Dungeon (4/15)
 Temple: D:4-7

Altars:
Okawaru
Ru
Xom

Annotations:
D:4 Blork the orc


Message History

a +0 whip; a kobold corpse Blork the orc comes into view.
He is wielding a +0 trident.
Blork the orc shouts!
Found 2 stones.
Found a stone staircase leading up.
Enter note:
Enter note:
Enter note: Blork the orc gestures at you while chanting.
The magic dart hits you.
Blork the orc hits you with a +0 trident.
You barely miss Blork the orc. You claw Blork the orc.
Blork the orc is lightly wounded.
Blork the orc barely misses you.
You hit Blork the orc but do no damage. Your kick misses Blork the orc.
Blork the orc is lightly wounded.
Blork the orc screams, "I'll rip your head off!"
Blork the orc hits you with a +0 trident!
You completely miss Blork the orc.
Blork the orc is lightly wounded.
Blork the orc hits you with a +0 trident.
You hit Blork the orc. Your kick misses Blork the orc.
Blork the orc is lightly wounded.
Blork the orc closely misses you.
You hit Blork the orc. You claw Blork the orc.
Blork the orc is moderately wounded.
Blork the orc barely misses you.
You hit Blork the orc.
Blork the orc is heavily wounded.
Blork the orc hits you with a +0 trident.
You hit Blork the orc but do no damage.
Blork the orc is heavily wounded.
Blork the orc closely misses you.
You hit Blork the orc but do no damage. You claw Blork the orc.
Blork the orc is severely wounded.
Blork the orc completely misses you.
You barely miss Blork the orc. You peck Blork the orc.
Blork the orc is severely wounded.
Blork the orc gestures at you while chanting.
The puff of flame hits you!
You die...

#..#......)........
.....#.#
#..#......#.#..###.
#####.#.#
##..#......#.#..#
#.#.#
#...#......#.#..#
#.#.#
###..#......#.#..###
#.#.#
................(..
..#.#
###..#####.##.#..##
#..# ##.##.#..###..#
#..# #.......@o...<#
#..# ##.##.##.###.##
###..#####.#####...
.......)..)..........
...................###
################.###
#.# #.#


You could see Blork the orc.

Vanquished Creatures
  Jessica (D:2)
  Natasha (D:2)
  Robin (D:2)
  3 adders
  3 worms
  A dart slug (D:2)
  5 ball pythons
  2 bats
  3 endoplasms
  9 goblins
  5 hobgoblins
  7 kobolds
  A quokka (D:2)
  A frilled lizard (D:3)
  4 rats
47 creatures vanquished.

Notes
Turn   | Place    | Note
-------+----------+-------------------------------------------
     0 | D:1      | qw the Tengu Warper began the quest for the Orb.
     0 | D:1      | Reached XP level 1. HP: 12/12 MP: 4/4
     0 | D:1      | 0 ||| qw: Version: 0.1-a-89-g26bdef1
     0 | D:1      | 0 ||| qw: Game counter: 110
     0 | D:1      | 0 ||| qw: Always use a shield: true
     0 | D:1      | 0 ||| qw: God list: Okawaru
     0 | D:1      | 0 ||| qw: Allow faded altars: false
     0 | D:1      | 0 ||| qw: Do Orc after D:15 true
     0 | D:1      | 0 ||| qw: Do second Lair branch before Depths: true
     0 | D:1      | 0 ||| qw: Lair rune preference: random
     0 | D:1      | 0 ||| qw: Plans: Normal
     0 | D:1      | 0 ||| PLANNING D:1-11
    19 | D:1      | 19 ||| Stepping ~*~*~tactically~*~*~ (stealth).
    20 | D:1      | 20 ||| Stepping ~*~*~tactically~*~*~ (stealth).
   390 | D:1      | Reached skill level 3 in Axes
   390 | D:1      | Reached XP level 2. HP: 11/17 MP: 6/6
   739 | D:1      | Found a faded altar of an unknown god.
  1134 | D:1      | 1134 ||| READING 2 scrolls labelled LEEGOIREFA.
  1135 | D:1      | 1135 ||| READING scroll labelled GUBRIFU VOVYRO.
  1136 | D:1      | 1136 ||| READING scroll labelled ZUDUIH CETHROCKAT.
  1137 | D:1      | 1137 ||| DROPPING scroll of vulnerability.
  1138 | D:1      | 1138 ||| DROPPING scroll of blinking.
  1266 | D:2      | Reached XP level 3. HP: 13/21 MP: 7/7
  1448 | D:2      | Noticed Jessica
  1452 | D:2      | Noticed Robin
  1454 | D:2      | Killed Jessica
  1455 | D:2      | Reached skill level 4 in Axes
  1458 | D:2      | Reached XP level 4. HP: 21/26 MP: 8/8
  1461 | D:2      | Killed Robin
  1608 | D:2      | 1608 ||| Stepping ~*~*~tactically~*~*~ (stealth).
  1613 | D:2      | 1613 ||| FLEEEEING.
  1614 | D:2      | 1614 ||| FLEEEEING.
  1630 | D:2      | 1630 ||| FLEEEEING.
  1631 | D:2      | 1631 ||| FLEEEEING.
  1633 | D:2      | 1633 ||| FLEEEEING.
  1634 | D:2      | 1634 ||| FLEEEEING.
  1635 | D:2      | 1635 ||| FLEEEEING.
  1637 | D:2      | 1637 ||| FLEEEEING.
  1639 | D:2      | 1639 ||| FLEEEEING.
  1640 | D:2      | 1640 ||| FLEEEEING.
  1641 | D:2      | 1641 ||| FLEEEEING.
  1644 | D:2      | 1644 ||| FLEEEEING.
  1645 | D:2      | 1645 ||| FLEEEEING.
  1646 | D:2      | 1646 ||| FLEEEEING.
  1647 | D:2      | 1647 ||| STAIRDANCE
  1710 | D:2      | 1710 ||| STAIRDANCE
  1773 | D:2      | 1773 ||| Stepping ~*~*~tactically~*~*~ (stealth).
  1774 | D:2      | 1774 ||| Stepping ~*~*~tactically~*~*~ (stealth).
  1808 | D:2      | 1808 ||| DROPPING +0 club.
  1827 | D:2      | Found a shimmering altar of Xom.
  1833 | D:2      | Reached skill level 5 in Axes
  2259 | D:2      | Noticed Natasha
  2266 | D:2      | Killed Natasha
  2267 | D:2      | Gained mutation: Your magical nature lets you fly swiftly
                  | and evasively. [Tengu growth]
  2267 | D:2      | Reached XP level 5. HP: 25/30 MP: 9/9
  2272 | D:2      | 2272 ||| Stepping ~*~*~tactically~*~*~ (stealth).
  2274 | D:2      | 2274 ||| Stepping ~*~*~tactically~*~*~ (stealth).
  2275 | D:2      | 2275 ||| Stepping ~*~*~tactically~*~*~ (stealth).
  2276 | D:2      | 2276 ||| Stepping ~*~*~tactically~*~*~ (stealth).
  2346 | D:2      | 2346 ||| Stepping ~*~*~tactically~*~*~ (stealth).
  2475 | D:2      | 2475 ||| UPGRADING to +2 hat.
  2480 | D:2      | 2480 ||| READING scroll labelled IFRIYH HE BADA.
  2878 | D:3      | You are sucked into a shaft and drop 1 floor!
  2905 | D:4      | Found a sacrificial altar of Ru.
  2951 | D:4      | Found an iron altar of Okawaru.
  2959 | D:4      | Became a worshipper of Warmaster Okawaru
  3380 | D:4      | Noticed Blork the orc
  3387 | D:4      | HP: 7/30 [Blork the orc/+0 trident (5)]
  3393 | D:4      | Killed from afar by Blork the orc

Levels and vault maps discovered:
D:1:      shiori_arrival_elements, layout_basic,
          dreamdust_ecumenical_altar_angels_and_demons
D:2:      layout_basic, basic_altar, kennysheep_boxes, uniq_jessica,
          uniq_natasha, uniq_robin
D:3:      layout_basic
D:4:      layout_basic, nicolae_hepliaklqana_hazy_memory,
          grunt_temple_overflow_open, uniq_blork_the_orc

Skill      XL: |  1  2  3  4 |
---------------+-------------+-----
Axes           | 3 4 5 |  5.8
Fighting       | |  2.0
Throwing       | |  1.0
Armour         | |  1.1
Dodging        | |  2.1
Spellcasting   | |  2.0
Translocations | |  2.4

Action                   |  1- 3 |  4- 6 || total
-------------------------+-------+-------++-------
Melee: Hand axe          |    41 |    67 ||   108
       Kick              |     7 |    25 ||    32
       Peck              |     7 |    10 ||    17
Throw: Boomerang         |     7 |       ||     7
  Use: Scroll            |     3 |     1 ||     4
 Stab: Sleeping          |     1 |       ||     1
Armor: Leather armour    |     7 |     9 ||    16
Dodge: Dodged            |    23 |    32 ||    55

Table legend:
 A = Non-vault XP
 B = Vault XP
 C = Vault XP percentage of total XP
 D = Non-vault monster count
 E = Vault monster count
 F = Vault count percentage of total count
                 A         B        C        D         E       F
            +---------+---------+-------+---------+---------+-------
      Total |     103 |     102 |  49.8 |      37 |      10 |  21.3
            +---------+---------+-------+---------+---------+-------
        D:1 |      22 |       0 |   0.0 |      14 |       0 |   0.0
        D:2 |      53 |     102 |  65.8 |      14 |      10 |  41.7
        D:3 |      21 |       0 |   0.0 |       4 |       0 |   0.0
        D:4 |       7 |       0 |   0.0 |       5 |       0 |   0.0
            +---------+---------+-------+---------+---------+-------
